 Dungeon Crawl Stone Soup version 0.19-a0-866-ga8d832c (webtiles) character file.

137 PurpleSnorlax the Cudgeler (level 5, -1/33 HPs)
             Began as a Gargoyle Monk on July 2, 2016.
             Slain by a hound (4 damage)
             ... on level 3 of the Dungeon.
             The game lasted 00:09:11 (1744 turns).

PurpleSnorlax the Cudgeler (Gargoyle Monk)          Turns: 1744, Time: 00:09:12

Health: -1/33      AC: 12    Str: 16    XL:     5   Next: 20%
Magic:  5/5        EV: 10    Int: 10    God:
Gold:   57         SH:  0    Dex: 12    Spells: 0 memorised, 4 levels left

rFire  + + .     SeeInvis .     a - +0 mace
rCold  x . .     Gourm    .     f - +0 fire dragon armour
rNeg   + . .     Faith    .     (no shield)
rPois  ∞         Spirit   .     (no helmet)
rElec  +         Dismiss  .     (no cloak)
rCorr  .         Reflect  .     (no gloves)
SustAt .         Harm     .     (no boots)
MR     .....                    (no amulet)
Stlth  +.........               (no ring)
                                (no ring)

@: not resistant to hostile enchantments, very unstealthy
A: negative energy resistance 1, electricity resistance, unbreathing,
petrification resistance, rot immunity, AC +4
a: no special abilities


You were on level 3 of the Dungeon.
You were not hungry.

You visited 1 branch of the dungeon, and saw 4 of its levels.

You collected 57 gold pieces.

Inventory:

Hand Weapons
 a - a +0 mace (weapon)
Armour
 b - a +0 robe
 e - a +0 leather armour
 f - a +0 fire dragon armour (worn)
Wands
 o - a wand of iceblast (10/15)
Scrolls
 l - a scroll of identify
 m - a scroll of fear {unknown}
 p - a scroll of remove curse {unknown}
 q - 2 scrolls of enchant armour {unknown}
Potions
 d - a potion of mutation {unknown}
 g - a potion of heal wounds {unknown}
 i - a potion of cure mutation {unknown}
 j - a potion of degeneration {unknown}
Comestibles
 c - a bread ration
 h - a royal jelly
 n - a beef jerky


   Skills:
 + Level 3.8 Fighting
 + Level 4.0 Maces & Flails
 + Level 1.9 Armour
 + Level 3.1 Dodging
 + Level 3.0 Stealth


You had 4 spell levels left.
You didn't know any spells.

Dungeon Overview and Level Annotations

Branches:
Dungeon (4/15)
 Temple: D:4-7

Altars:
Ashenzari
Gozag


Innate Abilities, Weirdness & Mutations

You are resistant to torment.
Your stone body is resilient. (AC +4)
You are immune to poison.
You resist negative energy. (rN+)
You are resistant to electric shocks. (rElec)
You can survive without breathing.
You are immune to petrification.
You are immune to rotting.


Message History

The hound is severely wounded.
The hound bites you.
* * * LOW HITPOINT WARNING * * *
The hound bites you but does no damage.
Your fire dragon armour prevents you from hitting the hound.
The hound is severely wounded.
The hound bites you but does no damage. The hound barely misses you.
You hit the hound.
The hound is almost dead.
The hound closely misses you.
You closely miss the hound.
The hound is almost dead.
The hound barely misses you. The hound bites you but does no damage.
You miss the hound.
The hound is almost dead.
The hound bites you but does no damage. The hound closely misses you.
You barely miss the hound.
The hound is almost dead.
The hound bites you.
You die...

..# ## #.. .# #.# ##.##
#>#####...# #.......# #
#.#####.# ###
#.##>##....# ####...
#.#....h#### # ..(..
#....##@...# . ...#
###..#####.#.# #..#
####..#####.#.# #..#
#.............# #..#
#.##.........## #..#
#..####.### #..# #.)# #.#
#..#
#.##.)####.##########..##
#........................


You could see a hound.

Vanquished Creatures
  A centaur skeleton (D:4)
  A worker ant (D:4)
  Ijyb (D:3)
  An adder (D:4)
  An ooze (D:2)
  3 worms
  A dart slug (D:2)
  5 orcs (D:3)
  A ball python (D:1)
  5 giant cockroaches
  A goblin (D:2)
  4 hobgoblins
  A kobold (D:1)
  A quokka (D:2)
  2 bats
  A giant newt (D:1)
  3 rats (D:1)
  3 fungi (D:1)
36 creatures vanquished.

Notes
Turn   | Place    | Note
-------+----------+-------------------------------------------
     0 | D:1      | PurpleSnorlax the Gargoyle Monk began the quest for the Orb.
     0 | D:1      | Reached XP level 1. HP: 14/14 MP: 1/1
   179 | D:1      | Reached XP level 2. HP: 18/19 MP: 2/2
   211 | D:1      | Found a shattered altar of Ashenzari.
   640 | D:2      | Reached XP level 3. HP: 18/23 MP: 3/3
  1050 | D:3      | Found an opulent altar of Gozag.
  1168 | D:3      | Noticed Ijyb
  1198 | D:3      | Killed Ijyb
  1361 | D:3      | Reached XP level 4. HP: 26/28 MP: 4/4
  1696 | D:4      | Reached skill level 1 in Armour
  1723 | D:4      | Reached skill level 4 in Maces & Flails
  1723 | D:4      | Reached XP level 5. HP: 8/33 MP: 5/5
  1744 | D:3      | Slain by a hound

Vault maps used:
D:1:      dpeg_arrival_prison, grunt_decor_arrowhead, glass_columns_b,
          evilmike_ruin_ashenzari
D:2:      serial_glass, glass_columns_a, glass_columns_b,
          minmay_strange_pillars, item_on_display_b
D:3:      grunt_gozag_statues, uniq_iyjb
D:4:      gup_sewer_entry_glass, uniq_grinder

Skill      XL: |  1  2  3  4 |
---------------+-------------+-----
Stealth        | 3 |  3.0
Armour         | 1 |  1.9
Dodging        | 3 |  3.1
Maces & Flails | 4 |  4.0
Fighting       | |  3.8

Action                   |  1- 3 |  4- 6 || total
-------------------------+-------+-------++-------
Melee: Mace              |   128 |    94 ||   222
  Use: Scroll            |       |     2 ||     2
 Stab: Sleeping          |     2 |       ||     2
  Eat: Bread ration      |       |     1 ||     1
Armor: Robe              |     6 |       ||     6
       Leather armour    |     1 |       ||     1
       Fire dragon armou |    48 |    89 ||   137
Dodge: Dodged            |    57 |    98 ||   155
